[Event "Latvijas 2022. gada jauniešu čempionāta fināls"]
[Site "Riga, Latvia"]
[Date "2022.06.13"]
[Round "3.20"]
[White "Varpins, Kristians"]
[Black "Germanovs, Georgijs"]
[Result "0-1"]
[TimeControl "3600+30"]
[WhiteElo "1374"]
[BlackElo "1750"]

1. e4 e6 2. d4 d5 3. e5 c5 4. c3 Nc6 5. Nf3 f6 6. exf6 Nxf6 7. Bd3 Bd6 8. O-O O-O 9. Re1 h6 10.
a3 Bd7 11. b4 c4 12. Bc2 a6 13. Ne5 Be8 14. Nxc6 bxc6 15. Rxe6 Bf7 16. Re1 Bh5 17. f3 Qc7 18. h3 Rae8 19.
Be3 Ne4 20. Bxe4 dxe4 21. Nd2 Bg3 22. Bf2 Bxf2+ 23. Kxf2 exf3 24. Rxe8 Rxe8 25. Nxf3 Bxf3 26. gxf3 Qh2+ 27. Kf1 Re6 28.
Qb1 Re2 0-1

[Event "Latvijas 2022. gada jauniešu čempionāta fināls"]
[Site "Riga, Latvia"]
[Date "2022.06.14"]
[Round "4.1"]
[White "Vingris, Mikelis"]
[Black "Francs, Marats"]
[Result "0-1"]
[TimeControl "3600+30"]
[WhiteElo "1781"]
[BlackElo "1882"]

1. e4 c5 2. Nf3 e6 3. d4 cxd4 4. Nxd4 Nc6 5. Nc3 Qc7 6. Ndb5 Qb8 7. Nd5 exd5 8. exd5 a6 9. Qe2+ Be7 10.
Nc3 Ne5 11. f4 Ng6 12. g3 d6 13. Be3 Nf6 14. Bg2 O-O 15. O-O-O b5 16. a3 Bd7 17. Bf3 a5 18. g4 b4 19.
Nb1 bxa3 20. Nxa3 Nh4 21. f5 Bd8 22. Qf2 Nxf3 23. Qxf3 Re8 24. Bf4 Ne4 25. Rhe1 Nc5 26. Rxe8+ Bxe8 27.
g5 Qc8 28. Bd2 Nd7 29. Qf4 Ne5 30. Bc3 f6 31. h4 Ra7 32. Bxe5 dxe5 33. Qe4 Bd7 34. Rf1 fxg5 35. Qxe5 Bf6 36.
Qe4 gxh4 37. d6 Qc6 38. Qd3 Rb7 39. c3 h6 40. Nc4 Rb5 41. Na3 Rd5 42. Qf3 Rxd6 43. Qg4 Bxc3 0-1

[Event "Latvijas 2022. gada jauniešu čempionāta fināls"]
[Site "Riga, Latvia"]
[Date "2022.06.14"]
[Round "4.2"]
[White "Sokolovskis, Pavels"]
[Black "Zajakins, Artjoms"]
[Result "1/2-1/2"]
[TimeControl "3600+30"]
[WhiteElo "1572"]
[BlackElo "1596"]

1. d4 Nf6 2. c4 g6 3. f3 d5 4. cxd5 Nxd5 5. e4 Nb6 6. Nc3 Bg7 7. Be3 Na6 8. a3 c5 9. dxc5 Bxc3+ 10. bxc3 Nd7 11. Bxa6 bxa6 12. c6 Nb8 13. Qxd8+ Kxd8 14. Rd1+ Kc7 15. Bf4+ Kxc6 16. Ne2 Bd7 17. Nd4+ Kb7 18.
Rb1+ Kc8 19. Kf2 Re8 20. Nb3 e5 21. Be3 Bb5 22. c4 Bc6 23. Nc5 Rd8 24. Rhd1 Rxd1 25. Rxd1 Kc7 26. Bg5 Nd7 27.
Nxd7 Bxd7 28. Bf6 Re8 29. Rd5 Be6 30. Bxe5+ Kc6 31. Rd6+ Kc5 32. Rxa6 Bxc4 33. Ra5+ Kb6 34. Bc3 Bb5 35.
Bb4 Rc8 36. h4 Rc2+ 37. Kg3 h5 38. e5 Re2 39. Kf4 Rxg2 40. a4 Bc6 41. Rc5 Bxa4 42. Rc8 Bc6 43. Bc3 Kb7 44. Rd8 Rf2 45.
Rd3 Rf1 46. Bb4 Kb6 47. Be7 Kb5 48. Rb3+ Kc4 49. Ra3 Kd4 50. Bf6 Kc5 51. Rxa7 Rxf3+ 52. Kg5 Bd5 53. Kh6 Kd4 54. Kg7 g5 55. e6+ Kc5 1/2-1/2

[Event "Latvijas 2022. gada jauniešu čempionāta fināls"]
[Site "Riga, Latvia"]
[Date "2022.06.14"]
[Round "4.3"]
[White "Bogdanovics, Kirills"]
[Black "Podojniks, Marks Ernests"]
[Result "1-0"]
[TimeControl "3600+30"]
[WhiteElo "1785"]
[BlackElo "1372"]

1. d4 d5 2. c4 e6 3. Nc3 c6 4. Nf3 h6 5. e4 dxe4 6. Nxe4 Nf6 7. Nxf6+ Qxf6 8. Be2 Bb4+ 9. Bd2 Bxd2+ 10. Qxd2 O-O 11.
O-O Rd8 12. Qe3 Nd7 13. Rfd1 Nf8 14. Ne5 Ng6 15. Nxg6 Qxg6 16. Bd3 Qf6 17. b4 Bd7 18. a4 Re8 19. Be4 Rab8 20. Qf3 Qxf3 21.
Bxf3 Rbd8 22. g3 Bc8 23. b5 Bd7 24. Rab1 Rb8 25. Rb2 Rec8 26. c5 b6 27. bxc6 Bxc6 28. Bxc6 Rxc6 29. Rdb1 Rd8 30.
cxb6 axb6 31. Rxb6 Rxb6 32. Rxb6 Rxd4 33. Rb8+ Kh7 34. a5 Ra4 35. Ra8 Kg6 36. a6 Kf6 37. Kg2 Ke5 38. h4 Ra3 39.
Kf1 Ke4 40. Kg2 Ke5 41. Kh3 Ra4 42. h5 Ke4 43. Kg2 Ra3 44. Ra7 g6 45. Rxf7 gxh5 46. Rf6 Rxa6 47. Rxh6 Ra5 48. f3+ Kd3 49.
Rxe6 Rg5 50. Kh3 Rf5 51. f4 Kd4 52. Kh4 1-0

[Event "Latvijas 2022. gada jauniešu čempionāta fināls"]
[Site "Riga, Latvia"]
[Date "2022.06.14"]
[Round "4.4"]
[White "Savicevs, Arsenijs"]
[Black "Paikens, Reinis"]
[Result "0-1"]
[TimeControl "3600+30"]
[WhiteElo "1961"]
[BlackElo "1534"]

1. Nf3 d5 2. d4 Bf5 3. c4 e6 4. Nc3 Nf6 5. e3 c6 6. Be2 Be7 7. Nh4 Bg6 8. Nxg6 hxg6 9. O-O Qc7 10.
h3 Nbd7 11. Rb1 g5 12. e4 Nxe4 13. Nxe4 dxe4 14. d5 O-O-O 15. Qa4 Bc5 16. b4 Rxh3 0-1

[Event "Latvijas 2022. gada jauniešu čempionāta fināls"]
[Site "Riga, Latvia"]
[Date "2022.06.14"]
[Round "4.5"]
[White "Andrusevics, Jegors"]
[Black "Lazars, Krisjanis"]
[Result "1-0"]
[TimeControl "3600+30"]
[WhiteElo "1569"]
[BlackElo "1041"]

1. d4 d5 2. Nf3 Nf6 3. Bf4 Bf5 4. e3 e6 5. Bd3 Bxd3 6. cxd3 Bd6 7. Bg3 Nc6 8. Nc3 a6 9. O-O O-O 10.
Rc1 h6 11. Na4 Nd7 12. Nc5 Nxc5 13. dxc5 Bxg3 14. hxg3 e5 15. e4 dxe4 16. dxe4 Qxd1 17. Rfxd1 Rad8 18. a3 f6 19. b4 Rxd1+ 20. Rxd1 Rd8 21. Rd5 Kf7 22. Kf1 Ke6 23. Rxd8 Nxd8 24. Ke2 b6 25. Kd3 b5 26. Nd2 Nc6 27. Nb3 h5 28. f4 exf4 29.
gxf4 g5 30. g3 g4 31. f5+ Kd7 32. Nc1 Ne5+ 33. Kd4 Nf3+ 34. Ke3 Ne5 35. Ne2 Nc4+ 36. Kd4 Nxa3 37. Nf4 Nc2+ 38. Kc3 Ne3 39.
Nxh5 Ke7 40. Kd3 Nc4 41. Nf4 Ne5+ 42. Ke2 Nc6 43. Nd5+ Kf7 44. Kd3 Ne5+ 45. Ke3 c6 46. Nc3 Nc4+ 47.
Kf4 Ne5 48. Nd1 Nd3+ 49. Ke3 Nxb4 50. Kd4 Nc2+ 51. Kc3 Ne1 52. Nf2 a5 53. Nxg4 Nf3 54. Ne3 b4+ 55. Kc2 Nd4+ 56. Kd3 Nb3 57.
Nc2 Nxc5+ 58. Kd4 b3 59. Na3 Na4 60. Kc4 b2 61. Kd4 c5+ 62. Kc4 Ke7 63. Kb3 Nb6 64. Kxb2 Kd6 65. Kc3 Ke5 66.
Kd3 c4+ 67. Ke3 Kd6 68. Kd4 a4 69. g4 Ke7 70. Nb5 Kf7 71. Kc5 Nd7+ 72. Kd6 Ne5 73. g5 Nd3 74. g6+ Kg7 75. Kd5 Nb2 76.
Kd4 Kg8 77. Na3 Nd1 78. Nxc4 Kg7 79. Na3 Nf2 80. Ke3 Ng4+ 81. Kd4 Ne5 82. Nc4 Nc6+ 83. Kc5 Ne7 84. Kb4 Nc6+ 85. Kxa4 Nd4 86.
Kb4 Ne2 87. Kc5 Ng3 88. Kd5 Ne2 89. Nd6 Nf4+ 90. Kc6 Kf8 91. Kd7 Nh5 92. Ke6 Kg8 93. Ne8 Nf4+ 94. Kxf6 Nh5+ 95. Kg5 Ng3 96.
e5 Ne4+ 97. Kf4 Nc5 98. f6 Ne6+ 99. Kf5 Nd4+ 100. Kg5 Ne6+ 101. Kh6 Kh8 102. f7 Ng7 103. f8=R# 1-0

[Event "Latvijas 2022. gada jauniešu čempionāta fināls"]
[Site "Riga, Latvia"]
[Date "2022.06.14"]
[Round "4.6"]
[White "Merzlovs, Timurs"]
[Black "Tolmacevs, Romans"]
[Result "0-1"]
[TimeControl "3600+30"]
[WhiteElo "1152"]
[BlackElo "1466"]

1. e4 c6 2. d4 d5 3. Nc3 dxe4 4.
Nxe4 Nf6 5. Ng3 Qc7 6. Nf3 e6 7. Bd3 Bd6 8. O-O O-O 9. c3 b6 10. Qc2 h6 11. Bd2 Re8 12. Rae1 Nbd7 13.
c4 Bb7 14. Bc3 Rac8 15. Ne4 Nxe4 16. Bxe4 Nf6 17. Bd3 Qe7 18. h3 Ba8 19. Ne5 Red8 20. f4 Qb7 21. Be4 Nxe4 22. Qxe4 c5 23.
Qxb7 Bxb7 24. b3 cxd4 25. Bxd4 Bb4 26. Rd1 Rxd4 27. Rxd4 Bc5 28. Rfd1 Rd8 29. Kf1 Rxd4 30. Rxd4 Bxd4 31.
g4 Bxe5 32. fxe5 Be4 33. a3 Bc2 34. b4 Bd3+ 0-1

[Event "Latvijas 2022. gada jauniešu čempionāta fināls"]
[Site "Riga, Latvia"]
[Date "2022.06.14"]
[Round "4.7"]
[White "Pukite, Elza"]
[Black "Maklakova, Naomi"]
[Result "0-1"]
[TimeControl "3600+30"]
[WhiteElo "1114"]
[BlackElo "1488"]

1. c4 e5 2. Nc3 Nf6 3. g3 d5 4. cxd5 Nxd5 5. Bg2 c6 6. e3 Be6 7. Nge2 Bd6 8. O-O O-O 9. d4 Nxc3 10.
Nxc3 exd4 11. exd4 Na6 12. a3 Nc7 13. Qh5 Re8 14. Bg5 Qd7 15. Ne4 Bg4 16. Nf6+ gxf6 17. Qh6 Bf8 18. Qxf6 Qf5 19. Rfe1 Bg7 20.
Qxf5 Bxf5 21. Red1 Ne6 22. Be3 Rad8 23. d5 cxd5 24. Bxa7 Bxb2 25. Ra2 Bg7 26. Rxd5 Rxd5 27. Bxd5 Bh3 28.
Bg2 Bxg2 29. Kxg2 Ra8 30. Be3 Ra4 31. f4 b5 32. Bd2 Bf8 33. Kf3 Rxa3+ 34. Rxa3 Bxa3 35. Ke4 b4 36. Kd3 Nc5+ 37.
Kc2 b3+ 38. Kb1 Nd3 39. h4 Kg7 40. g4 Nf2 41. g5 Kg6 42. Be1 Nd3 43. Bd2 Kf5 44. h5 Nxf4 0-1

[Event "Latvijas 2022. gada jauniešu čempionāta fināls"]
[Site "Riga, Latvia"]
[Date "2022.06.14"]
[Round "4.8"]
[White "Krasilnikova, Marija"]
[Black "Vasiljeva, Sofja"]
[Result "0-1"]
[TimeControl "3600+30"]
[WhiteElo "1300"]
[BlackElo "1676"]

1. e4 e5 2. Nf3 Nc6 3. Bb5 Nf6 4.
O-O Nxe4 5. Re1 Nd6 6. Nxe5 Nxe5 7. Rxe5+ Be7 8. Bf1 O-O 9. d4 Bf6 10. Re1 Nf5 11. d5 Re8 12. c3 d6 13.
Nd2 Rxe1 14. Qxe1 Ne7 15. Bc4 Ng6 16. Ne4 Be7 17. Qd1 a6 18. a4 Bd7 19. a5 Bf8 20. f3 Qe7 21. Bf1 Re8 22.
b3 Qe5 23. Qd4 Qxd4+ 24. cxd4 Ne7 25. Nc3 Nf5 26. Ne2 Bb5 27. Kf2 Bxe2 28. Bxe2 Nxd4 29. Bc4 Be7 30. Bb2 Bf6 31. Rd1 Nf5 32.
Bxf6 gxf6 33. g4 Ne7 34. Re1 Kf8 35. Bd3 Ng6 36. Rc1 Re7 37. Be4 h6 38. Kg3 Ke8 39. h4 Kd8 40. h5 Nf8 41.
b4 Nd7 42. Kf2 Re5 43. Rc4 f5 44. Bxf5 Rxd5 45. Be4 Rb5 46. Bf5 Ne5 47. Rd4 f6 48. Be4 Ke7 49. Kg3 c6 50. f4 Nf7 51.
Bd3 Rd5 52. Re4+ Kf8 53. Bc4 Rd1 54.
Re6 Rd4 55. Ba2 Rd2 56. Bc4 d5 57. Bf1 d4 58. Re2 Rd3+ 59. Kf2 Rb3 60. Rd2 Rxb4 61. Ra2 d3 62. Bxd3 Rxf4+ 63. Kg3 Rb4 64. Bf5 Ne5 65. Be6 Ke7 66. Bf5 c5 67. Rc2 c4 68.
Be4 Rb3+ 69. Kg2 c3 70. Bf5 Rb2 71. Kf2 Nxg4+ 72. Kg1 Rxc2 73. Bxc2 Ne3 0-1

[Event "Latvijas 2022. gada jauniešu čempionāta fināls"]
[Site "Riga, Latvia"]
[Date "2022.06.14"]
[Round "4.9"]
[White "Zubova, Darja"]
[Black "Apine, Emilija"]
[Result "1-0"]
[TimeControl "3600+30"]
[WhiteElo "1280"]
[BlackElo "1137"]

1. e4 c5 2. Nf3 d6 3. Bb5+ Bd7 4. Bxd7+ Qxd7 5. c4 Nc6 6. d4 cxd4 7. Nxd4 Nf6 8. Nc3 g6 9. f3 Bg7 10.
Be3 O-O 11. O-O Rac8 12. b3 a6 13. Qd3 Ne5 14. Qe2 Qc7 15. Rac1 Nfd7 16. Nd5 Qd8 17. Rfd1 e6 18. Nc3 Qa5 19.
Na4 Nc5 20. Nb2 Nc6 21. Nxc6 Rxc6 22. Nd3 Nxd3 23. Rxd3 Rfc8 24. Rcd1 Qb4 25. Qf2 b5 26. c5 dxc5 27. Rd8+ Bf8 28.
Bh6 Qa5 29. Qh4 c4 30. Bxf8 h5 31. Qf6 1-0

[Event "Latvijas 2022. gada jauniešu čempionāta fināls"]
[Site "Riga, Latvia"]
[Date "2022.06.14"]
[Round "4.10"]
[White "Jansone, Melanija Luize"]
[Black "Jekabsone, Nellija"]
[Result "1-0"]
[TimeControl "3600+30"]
[WhiteElo "1590"]
[BlackElo "1120"]

1. e4 c5 2. Nf3 d6 3. d4 cxd4 4.
Nxd4 Nf6 5. Nc3 a6 6. a4 e6 7. Be2 Be7 8. Be3 Nc6 9. Nb3 h6 10. a5 O-O 11. O-O d5 12. exd5 Nxd5 13.
Nxd5 exd5 14. c3 Bf5 15. Re1 Rc8 16. Bb6 Qd7 17. Bf3 Be6 18. Qd3 Bd8 19. Nc5 Qe7 20. Nxe6 fxe6 21. Bxd5 Rf6 22.
Qh3 Kf7 23. Rxe6 Rxe6 24. Qf5+ Ke8 25. Bxe6 1-0

[Event "Latvijas 2022. gada jauniešu čempionāta fināls"]
[Site "Riga, Latvia"]
[Date "2022.06.14"]
[Round "4.15"]
[White "Kalinin, Oleg"]
[Black "Platonovs, Nikolajs"]
[Result "0-1"]
[TimeControl "3600+30"]
[WhiteElo "1164"]
[BlackElo "1422"]

1. e4 c5 2. c3 Nf6 3. e5 Nd5 4. d4 cxd4 5. cxd4 d6 6.
Bc4 Nb6 7. Bb3 d5 8. Nc3 Bf5 9. Bf4 e6 10. a3 a6 11. Nge2 Be7 12. O-O O-O 13. Ng3 Bg6 14. Qg4 Nc6 15. Nce2 Nc4 16. Bxc4 dxc4 17. Be3 Re8 18.
f4 Bf8 19. f5 exf5 20. Nxf5 Bxf5 21. Qxf5 Qc7 22. Bf4 g6 23. Qh3 Qc8 24. Qf3 Qd7 25. Qe4 f5 26. Qc2 b5 27. Rad1 Ne7 28.
d5 Nxd5 29. Nc3 Qa7+ 30. Kh1 Nxf4 31. Rxf4 Rxe5 32. Nd5 Bg7 33. Nb4 Rae8 34. Nc6 Re1+ 35. Rf1 Rxf1+ 36. Rxf1 Qc5 37. Na5 Qe5 38. b4 Qe2 39. Qb1 c3 40.
Qb3+ Kh8 41. Qb1 c2 42. Qc1 Rd8 43. Nb3 Rd1 44. Rg1 Rxc1 45. Nxc1 Qd1 46. h3 Bd4 0-1

[Event "Latvijas 2022. gada jauniešu čempionāta fināls"]
[Site "Riga, Latvia"]
[Date "2022.06.14"]
[Round "4.17"]
[White "Aleksejevs, Daniils"]
[Black "Valdats, Reinis"]
[Result "0-1"]
[TimeControl "3600+30"]
[WhiteElo "1197"]
[BlackElo "1488"]

1. e4 c5 2. Nf3 e6 3. d4 cxd4 4.
Nxd4 Nc6 5. c4 Nf6 6. Nc3 Bb4 7. Bg5 Qa5 8. Nxc6 Bxc3+ 9. bxc3 Qxg5 10. Nd4 Nxe4 11. Qc2 Nd6 12. Rd1 O-O 13.
Nf3 Qc5 14. Bd3 f5 15. Qb3 b6 16. O-O Bb7 17. Nd4 e5 18. Nc2 Rac8 19. Ne3 f4 20. Ng4 h5 21. Nh6+ gxh6 22. Qc2 e4 23.
Be2 Rf5 24. Kh1 Rcf8 25. Qd2 R8f6 26. Rb1 Rg5 27. h4 Rg7 28. Rb5 Nxb5 29. cxb5 e3 30. fxe3 Bxg2+ 31. Kh2 Bxf1 32. Bxf1 fxe3 33.
Qe2 Rf2+ 34. Qxf2 exf2 35. a4 Qe5+ 36. Kh1 Rg1# 0-1

[Event "Latvijas 2022. gada jauniešu čempionāta fināls"]
[Site "Riga, Latvia"]
[Date "2022.06.14"]
[Round "4.18"]
[White "Jeronovics, Toms"]
[Black "Nazarovs, Daniils"]
[Result "1-0"]
[TimeControl "3600+30"]
[WhiteElo "1273"]
[BlackElo "1245"]

1. e4 c5 2. Nc3 a6 3. Nf3 b5 4. d4 cxd4 5. Nxd4 e6 6. Bd3 Qc7 7. O-O Nc6 8. Nxc6 dxc6 9. Qe2 c5 10.
e5 Bb7 11. a4 b4 12. Nd1 Ne7 13. Bf4 Nc6 14. Ne3 Be7 15. Nc4 Nd4 16. Qg4 O-O-O 17. Rfe1 h5 18. Qh3 Rdg8 19. Be4 g5 20.
Nd6+ Bxd6 21. exd6 Qd7 22. Be5 Rh6 23. Bxb7+ Qxb7 24. Qe3 Qd5 25. Rad1 Kd7 26. Bxd4 cxd4 27. Rxd4 Qc5 28. Qe4 Rb8 29.
Rc4 Qd5 30. b3 Qxe4 31. Rexe4 e5 32. Rxe5 Rxd6 33. Kf1 f6 34. Ree4 a5 35. Rc5 Rd2 36. Ke1 Rd6 37. Rxa5 Rc8 38.
Ra7+ Kd8 39. Ree7 Rxc2 40. Rg7 Rc1+ 41. Ke2 Rc2+ 42. Ke3 Rc3+ 43. Ke4 Re6+ 44. Kf5 Re8 45. Kxf6 Rc6+ 46. Kxg5 Re5+ 47.
Kh4 Re4+ 48. Kh3 Re8 49. Ra8+ Rc8 50. Rxc8+ Kxc8 51. Rf7 Rd8 52. Kh4 Rd3 53. Rf3 Rd5 54. g4 hxg4 55. Kxg4 1-0

[Event "Latvijas 2022. gada jauniešu čempionāta fināls"]
[Site "Riga, Latvia"]
[Date "2022.06.14"]
[Round "4.19"]
[White "Harlamovs, Daniils"]
[Black "Aleidzans, Vadims"]
[Result "1/2-1/2"]
[TimeControl "3600+30"]
[WhiteElo "1407"]
[BlackElo "1367"]

1. d4 d5 2. c4 e6 3. Nc3 Nf6 4.
Nf3 Be7 5. Bf4 O-O 6. e3 c5 7. dxc5 Bxc5 8. Be2 Nc6 9. O-O dxc4 10. Bxc4 a6 11. Qxd8 Rxd8 12. Rfd1 Re8 13. Bd6 Bxd6 14.
Rxd6 Ne7 15. a4 Nf5 16. Rd2 b6 17. Bd3 Ne7 18. Rad1 Bb7 19. e4 Nc6 20. e5 Nd5 21. Be4 Nce7 22.
Bb1 Rac8 23. Ne4 Red8 24. Nd6 Rc7 25. Ng5 Ng6 26. Bxg6 hxg6 27. Nge4 Ne7 28. f3 Bxe4 29. Nxe4 Rxd2 30.
Rxd2 Nd5 31. Kf2 1/2-1/2

[Event "Latvijas 2022. gada jauniešu čempionāta fināls"]
[Site "Riga, Latvia"]
[Date "2022.06.14"]
[Round "4.20"]
[White "Germanovs, Georgijs"]
[Black "Freibergs, Filips"]
[Result "1-0"]
[TimeControl "3600+30"]
[WhiteElo "1750"]
[BlackElo "1250"]

1. d4 d5 2. Nf3 Bf5 3. Bf4 h6 4. e3 Nf6 5. c4 e6 6. Nc3 c6 7. Qb3 b6 8. Ne5 Nh5 9. g4 Be4 10.
Nxe4 Nxf4 11. Nc3 dxc4 12. Qxc4 b5 13. Nxb5 Nd5 14. Nxc6 Qb6 15. Ne5 a6 16. e4 Nf6 17. Nc7+ Kd8 18.
Nxa8 Qxb2 19. Qc7+ Ke8 20. Qxf7+ Kd8 21. Qc7+ Ke8 22. Bb5+ axb5 23. Qxb8+ Ke7 24. Qc7+ Ke8 25. Qf7+ Kd8 26. Nc6+ Kc8 27. Qc7# 1-0

[Event "Latvijas 2022. gada jauniešu čempionāta fināls"]
[Site "Riga, Latvia"]
[Date "2022.06.14"]
[Round "4.21"]
[White "Freibergs, Andrejs"]
[Black "Springis, Jevgenijs"]
[Result "0-1"]
[TimeControl "3600+30"]
[WhiteElo "1526"]
[BlackElo "1975"]

1. d4 Nf6 2. c4 g6 3. Nc3 Bg7 4. e4 d6 5. Be2 O-O 6. Be3 c5 7. d5 e6 8. h4 exd5 9. exd5 h5 10.
Qd2 Re8 11. Nh3 Nbd7 12. Ng5 Ne5 13. O-O Bf5 14. f3 Qd7 15. Rac1 Re7 16. Kh1 Rae8 17. Nce4 Bxe4 18. fxe4 Neg4 19.
Bf3 Bh6 20. Rce1 Bxg5 21. Bxg5 Nxe4 22. Rxe4 Rxe4 23. Bxe4 Rxe4 24. b3 Qe8 25. Qc3 Re2 26. Qf3 f5 27. Bf4 Qe7 28. Qg3 Qf6 29.
Bxd6 Re3 30. Rd1 Rxg3 31. Bxg3 Ne3 32. Re1 f4 33. Bf2 Qe5 34. g3 Qe4+ 0-1

[Event "Latvijas 2022. gada jauniešu čempionāta fināls"]
[Site "Riga, Latvia"]
[Date "2022.06.14"]
[Round "4.22"]
[White "Krasilnikovs, Aleksandrs"]
[Black "Petrovs, Renars"]
[Result "0-1"]
[TimeControl "3600+30"]
[WhiteElo "1339"]
[BlackElo "1327"]

1. d4 d5 2. Nf3 Nf6 3. g3 Bf5 4. Bg2 e6 5. O-O Be7 6. c4 c6 7. Nc3 a6 8. a4 dxc4 9. Ne5 O-O 10.
Nxc4 h6 11. e4 Bh7 12. Be3 a5 13. d5 exd5 14. exd5 Nxd5 15. Nxd5 cxd5 16. Bxd5 Nc6 17. Qf3 Ra6 18. Rfd1 Qe8 19.
Qg4 Kh8 20. f4 Bb4 21. f5 f6 22. Be6 Nd8 23. Bd7 Qf7 24. Bb6 Rxb6 25. Nxb6 Bc5+ 26. Kg2 Bxb6 27. Be6 Nxe6 28. fxe6 Qc7 29.
Rac1 Qe5 30. Re1 Qd5+ 31. Qf3 Qxf3+ 32. Kxf3 Re8 33. Rcd1 Bc5 34. g4 Bg8 35. e7 Rxe7 36. Rxe7 Bxe7 37.
Rd7 Bc5 38. Kg3 b6 39. Rd3 Kh7 40. h4 h5 41. g5 Kg6 42. gxf6 Kxf6 43. b3 Ke5 44. Kg2 Bd5+ 45. Kh2 Ke4 46.
Rd1 Bxb3 47. Re1+ Kd3 48. Rf1 Bxa4 49. Rf3+ Kc4 50. Rf4+ Kb3 51. Rf3+ Kb2 52. Rf5 Bd1 53. Rg5 a4 54.
Rxg7 a3 55. Rg2+ Bc2 0-1

[Event "Latvijas 2022. gada jauniešu čempionāta fināls"]
[Site "Riga, Latvia"]
[Date "2022.06.14"]
[Round "4.23"]
[White "Sestakovs, Maksims"]
[Black "Stinka, Gustavs"]
[Result "0-1"]
[TimeControl "3600+30"]
[WhiteElo "1138"]
[BlackElo "1086"]

1. e4 e5 2. Nf3 Nc6 3. Bc4 Bc5 4. O-O Nf6 5. Ng5 O-O 6. Nc3 h6 7. Nf3 d6 8. a3 Bg4 9. Be2 Bxf3 10.
Bxf3 Nd4 11. b4 Nxf3+ 12. Qxf3 Bd4 13. Bb2 Qd7 14. Rab1 c6 15. Rfe1 Ng4 16. Re2 f5 17. Nd1 fxe4 18.
Qxe4 Rf4 19. Qd3 Bxb2 20. Rxb2 Raf8 21. Qb3+ d5 22. f3 e4 23. Ne3 exf3 24. gxf3 Rxf3 25. Rb1 Nxe3 26. dxe3 Qh3 27.
Rg2 Rxe3 28. Qb2 Rf7 29. b5 Qh4 30. Qc1 Qd4 31. Kh1 Qe4 32. bxc6 Re2 33. Qg1 bxc6 34. c4 Rff2 35. Rb8+ Kh7 36.
Qb1 Rc2 37. Qg1 Rxg2 38. Rb1 Rg5+ 0-1

[Event "Latvijas 2022. gada jauniešu čempionāta fināls"]
[Site "Riga, Latvia"]
[Date "2022.06.14"]
[Round "4.24"]
[White "Sterns, Tomass Kristians"]
[Black "Krastins, Arturs"]
[Result "1-0"]
[TimeControl "3600+30"]
[WhiteElo "1431"]
[BlackElo "1506"]

1. d4 d5 2. c4 Bf5 3. Nc3 e6 4. e3 c6 5. Nf3 Nd7 6. Bd3 dxc4 7. Bxc4 Ngf6 8. Bd3 Bxd3 9. Qxd3 c5 10.
O-O a6 11. Rd1 cxd4 12. exd4 Nb6 13. Bg5 Nbd5 14. Rac1 Be7 15. Na4 h6 16. Bh4 O-O 17. Nc5 Bxc5 18. dxc5 Rc8 19. Bg3 Nd7 20.
Bd6 Re8 21. a3 a5 22. Qb5 b6 23. b4 axb4 24. axb4 N7f6 25. Be5 Ne4 26. Qc4 Nef6 27. c6 h5 28. h3 Qe7 29. b5 Red8 30.
Rd2 Ne8 31. Ra1 Ne3 32. fxe3 Rxd2 33. Nxd2 Rd8 34. Nf3 Rd5 35. Bd4 Nd6 36. Ra8+ Kh7 37. Qc2+ f5 38. c7 e5 39. c8=Q Nxc8 40.
Qxf5+ Kh6 41. Rxc8 g6 42. Qf8+ Qxf8 43. Rxf8 exd4 44. Nxd4 Kg7 45. Rb8 Rd6 46. Nc6 Kf7 47. Rxb6 Ke8 48.
Rb8+ Kd7 49. Rd8+ Kc7 50. Rxd6 Kxd6 51. Kf2 g5 52. Kf3 Kd5 53. Nd4 Ke5 54. b6 Kd6 55. Ke4 1-0

[Event "Latvijas 2022. gada jauniešu čempionāta fināls"]
[Site "Riga, Latvia"]
[Date "2022.06.14"]
[Round "5.1"]
[White "Paikens, Reinis"]
[Black "Vingris, Mikelis"]
[Result "1/2-1/2"]
[TimeControl "3600+30"]
[WhiteElo "1534"]
[BlackElo "1781"]

1. e4 c5 2. c3 Nf6 3. e5 Nd5 4. d4 cxd4 5. cxd4 Nc6 6. Nf3 d6 7. exd6 Qxd6 8. Be2 g6 9. O-O Bg7 10.
Nc3 O-O 11. Be3 Nxe3 12. fxe3 Bh6 13. Kf2 Rd8 14. Qb3 Bg4 15. Ne4 Qb4 16. Bc4 Qxb3 17. Bxb3 Bxf3 18. gxf3 Na5 19. f4 Nxb3 20.
axb3 a6 1/2-1/2

[Event "Latvijas 2022. gada jauniešu čempionāta fināls"]
[Site "Riga, Latvia"]
[Date "2022.06.14"]
[Round "5.2"]
[White "Tabors, Emils"]
[Black "Sokolovskis, Pavels"]
[Result "1/2-1/2"]
[TimeControl "3600+30"]
[WhiteElo "1813"]
[BlackElo "1572"]

1. d4 d5 2. c4 e6 3. Nc3 a6 4. cxd5 exd5 5. Nf3 Nf6 6. Bg5 Be7 7. e3 Be6 8. Bd3 O-O 9. O-O h6 10.
Bh4 Nh5 11. Bxe7 Qxe7 12. e4 c6 13. Re1 Nf4 14. exd5 cxd5 15. Bf1 Qd6 16. Ne2 Nxe2+ 17. Qxe2 Nc6 18. Qd2 Qb4 19. Rad1 Bg4 20.
Be2 Rfe8 21. Qxb4 Nxb4 22. h3 Bf5 23. Bf1 Nxa2 24. Rxe8+ Rxe8 25. Ra1 Nb4 26. Rc1 Nc6 27. Bxa6 Rb8 28.
Bxb7 Rxb7 29. Rxc6 1/2-1/2

[Event "Latvijas 2022. gada jauniešu čempionāta fināls"]
[Site "Riga, Latvia"]
[Date "2022.06.14"]
[Round "5.3"]
[White "Fridensteins-Bridins, Atis"]
[Black "Bogdanovics, Kirills"]
[Result "1-0"]
[TimeControl "3600+30"]
[WhiteElo "1704"]
[BlackElo "1785"]

1. d4 d5 2. c4 c6 3. Nc3 Nf6 4. Nf3 e6 5. Bg5 h6 6. Bxf6 Qxf6 7. e4 dxe4 8. Nxe4 Qf4 9. Bd3 Bb4+ 10.
Kf1 Nd7 11. g3 Qb8 12. c5 Ba5 13. Nd6+ Kf8 14. Nh4 Nf6 15. Qf3 Bc7 16. Ne4 Nxe4 17. Ng6+ Ke8 18. Bxe4 Rg8 19. Re1 Bd7 20.
d5 cxd5 21. Bxd5 Qd8 22. Bxb7 Rb8 23. Rd1 Qf6 24. Qc6 Rd8 25. Qxc7 fxg6 26. c6 Rf8 27. cxd7+ Kf7 28. Qf4 1-0

[Event "Latvijas 2022. gada jauniešu čempionāta fināls"]
[Site "Riga, Latvia"]
[Date "2022.06.14"]
[Round "5.4"]
[White "Kazmerika, Anna"]
[Black "Lele, Emili"]
[Result "1-0"]
[TimeControl "3600+30"]
[WhiteElo "1657"]
[BlackElo "1233"]

1. d4 Nf6 2. c4 e5 3. dxe5 Ng4 4. e4 Nxe5 5. f4 Nec6 6. Be3 b6 7. a3 a5 8. Nc3 Bb7 9. Nf3 d6 10.
Bd3 Nd7 11. O-O g6 12. Rb1 Bg7 13. Nd5 Nf6 14. h3 Ne7 15. Bd4 Nc6 16. Bf2 Nxd5 17. exd5 Ne7 18. Re1 O-O 19. Bh4 Re8 20.
Bc2 c5 21. Ba4 f6 22. Bxe8 Qxe8 23. Qe2 Kf7 24. Qe6+ Kf8 25. Bxf6 Bxf6 26. Qxf6+ Qf7 27. Qxd6 Re8 28. Ng5 Qg8 29.
Qf6+ Qf7 30. Qxf7# 1-0

[Event "Latvijas 2022. gada jauniešu čempionāta fināls"]
[Site "Riga, Latvia"]
[Date "2022.06.14"]
[Round "5.5"]
[White "Beniosev, Daniel"]
[Black "Andrusevics, Jegors"]
[Result "0-1"]
[TimeControl "3600+30"]
[WhiteElo "1401"]
[BlackElo "1569"]

1. e4 e6 2. d4 d5 3. Nc3 Bb4 4. Qg4 Kf8 5. e5 c5 6. a3 Ba5 7. dxc5 Bxc3+ 8. bxc3 Qc7 9. Nf3 Qxc5 10.
Qb4 Qxb4 11. cxb4 Bd7 12. Bd3 a6 13. c4 Ne7 14. Be3 dxc4 15. Bxc4 Bc6 16. O-O Nd7 17. Bd4 Bxf3 18. gxf3 Nc6 19.
Be3 Ncxe5 20. Be2 Rc8 21. f4 Nc4 22. Rac1 b5 23. Rfd1 Ke7 24. Bd4 Nxa3 25. Ra1 Nc2 26. Rxa6 Nxb4 27.
Ra7 Nd5 28. Bxb5 Rhd8 29. f5 Rc7 30. fxe6 Rxa7 31. Bxa7 fxe6 32. Bc6 N7f6 33. Re1 Rc8 34. Bb5 Kd6 35. Bd4 Nc3 36. Bd3 h6 37.
Kf1 Ncd5 38. Ra1 Rc6 39. Bb5 Rc7 40. Ra6+ Ke7 41. Ke2 Kf7 42. Ra7 Rxa7 43. Bxa7 Nc3+ 44. Kd3 Nxb5 45. Bc5 Nc7 46.
Kd4 e5+ 47. Kd3 Ne6 48. Be3 Ng4 49. Bb6 Nxh2 50. Ke2 Ng4 51. f3 Nf6 52. Bf2 Nd5 53. Kd3 Nd4 54. Ke4 Ke6 55. Bg3 Nc6 56. Bf2 Nf6+ 57. Ke3 Kf5 58.
Bg3 g5 59. Bf2 Nd5+ 60. Ke2 Nf4+ 61. Kd2 h5 62. Ke3 h4 63. Bg1 Nd4 64. Bh2 h3 65. Kf2 g4 66. Kg3 Nxf3 67. Bg1 Ne2+ 68.
Kf2 Nfxg1 69. Kf1 g3 70. Ke1 h2 71. Kf1 h1=Q 72. Ke1 Nf3+ 73. Kxe2 Qe1+ 74. Kxf3 Qf2# 0-1

[Event "Latvijas 2022. gada jauniešu čempionāta fināls"]
[Site "Riga, Latvia"]
[Date "2022.06.14"]
[Round "5.6"]
[White "Krakops, Martijs"]
[Black "Merzlovs, Timurs"]
[Result "1-0"]
[TimeControl "3600+30"]
[WhiteElo "1253"]
[BlackElo "1152"]

1. d4 d5 2. Nf3 Nf6 3. Bf4 Bf5 4. e3 e6 5. c4 Bb4+ 6. Nc3 O-O 7. Qb3 Bxc3+ 8. bxc3 Qc8 9. cxd5 Nxd5 10.
Bg3 Nd7 11. c4 N5f6 12. Be2 c5 13. Bd6 Re8 14. dxc5 Nxc5 15. Bxc5 Qxc5 16. O-O b6 17. Rfd1 Red8 18. Nd4 Bg6 19.
Bf3 Rac8 20. Rac1 e5 21. Nb5 a6 22. Na7 Rxd1+ 23. Rxd1 Re8 24. Qa4 e4 25. Be2 h6 26. Qxa6 Qg5 27.
Qxb6 Re5 28. Rd8+ Kh7 29. Qb8 Bh5 30. Bxh5 Qxh5 31. Nc6 Rc5 32. Rh8+ Kg6 33. Ne7+ Kg5 1-0